 Dungeon Crawl Stone Soup version 0.27-a0-732-ga892ba84f6 (webtiles) character file.

Game seed: 663422572133965098

144 robertstho the Skirmisher (level 5, -4/37 HPs)
             Began as an Octopode Berserker on Mar 23, 2021.
             Was a Believer of Trog.
             Slain by an orc wizard
             ... wielding a +0 dagger
              (6 damage)
             ... on level 3 of the Dungeon.
             The game lasted 00:02:39 (1818 turns).

robertstho the Skirmisher (Octopode Berserker)      Turns: 1818, Time: 00:02:40

Health: -4/37      AC:  1    Str: 17    XL:     5   Next: 27%
Magic:  5/5        EV: 14    Int: 10    God:    Trog [**....]
Gold:   72         SH:  0    Dex: 11    Spells: 4/4 levels left

rFire    . . .     SeeInvis .   a - +0 short sword
rCold    . . .     Faith    .   (no shield)
rNeg     . . .     Spirit   .   (helmet restricted)
rPois    +         Reflect  .   (no amulet)
rElec    .         Harm     .   c - ring of poison resistance
rCorr    .         Rampage  .   (no ring)
Will     .....                  (no ring)
Stlth    +++.......             (no ring)
HPRegen  0.12/turn              (no ring)
MPRegen  0.09/turn              (no ring)
                                (no ring)
                                (no ring)

@: about to teleport, studying Shields
A: almost no armour, amphibious, 8 rings, camouflage 1, gelatinous body 1,
nimble swimmer 1, tentacles
a: Renounce Religion, Berserk, Trog's Hand


You were on level 3 of the Dungeon.
You worshipped Trog.
Trog was pleased with you.
You visited 1 branch of the dungeon, and saw 3 of its levels.

You collected 72 gold pieces.

Inventory:

Hand Weapons
 a - a +0 short sword (weapon)
Jewellery
 c - a ring of poison resistance (left tentacle)
Scrolls
 f - a scroll of magic mapping
 h - a scroll of teleportation
Potions
 b - a potion of lignification


   Skills:
 * Level 4.0 Fighting
 + Level 3.7 Short Blades
 * Level 3.8 Dodging
 * Level 3.0 Stealth


You had 4 spell levels left.
You didn't know any spells.
Your spell library was empty.

Dungeon Overview and Level Annotations

Branches:
Dungeon (3/15)

Altars:
Elyvilon


Innate Abilities, Weirdness & Mutations

You cannot wear most types of armour.
You are amphibious.
You can wear up to eight rings at the same time.
Your skin changes colour to match your surroundings (Stealth+).
Your rubbery body absorbs attacks. (AC +1, EV +1)
You are stealthy while swimming. (Stealth+)
You have tentacles for arms and can constrict up to eight enemies at once.


Message History

The orc wizard hits you but does no damage.
The giant cockroach completely misses you.
You closely miss the orc wizard.
The orc wizard is severely wounded.
The giant cockroach barely misses you.
The orc wizard hits you but does no damage.
You barely miss the orc wizard.
The orc wizard is severely wounded.
The giant cockroach bites you but does no damage.
The orc wizard hits you but does no damage.
You closely miss the orc wizard.
The orc wizard is severely wounded.
The giant cockroach bites you but does no damage.
The orc wizard hits you but does no damage.
The giant cockroach bites you but does no damage.
You closely miss the orc wizard.
The orc wizard is severely wounded.
The orc wizard hits you but does no damage.
The giant cockroach bites you but does no damage.
You closely miss the orc wizard.
The orc wizard is severely wounded.
The orc wizard hits you but does no damage.
The giant cockroach bites you but does no damage.
You closely miss the orc wizard.
The orc wizard is severely wounded.
The giant cockroach bites you but does no damage.
The orc wizard casts a spell at you.
The magic dart hits you but does no damage.
You hit the orc wizard.
The orc wizard is almost dead.
You feel less wooden. The giant cockroach bites you.
* * * LOW HITPOINT WARNING * * *
The orc wizard casts a spell at itself.
The orc wizard flickers and vanishes!
Deactivating autopickup; reactivate with Ctrl-A.
As you read the scroll of teleportation, it crumbles to dust.
You feel strangely unstable. The giant cockroach barely misses you.
Something hits you.
You die...

...###...#.##.#######
##......††.#...#
##.###...###.P.# ##.#
#...# #...# ##.###..##
##.## ........# #.#
##.####### ##.## ###
#†###...###...###...#.#
#.#..†P....._.B@{oP...#
#...#...###...###...###
##.####### ##.## ###
...# #.# #### #.# # ...
# .P. # .


You could see an orc and a giant cockroach.

Vanquished Creatures
  A bullfrog zombie (D:2)
  A hound (D:2)
  3 adders
  A worm (D:2)
  2 dart slugs
  2 orcs (D:3)
  2 ball pythons (D:2)
  7 bats
  4 giant cockroaches
  3 goblins
  5 hobgoblins
  3 kobolds
  3 oozes
  5 quokkas
  4 frilled lizards
  2 rats
48 creatures vanquished.

Notes
Turn   | Place    | Note
-------+----------+-------------------------------------------
     0 | D:1      | robertstho the Octopode Berserker began the quest for the
                  | Orb.
     0 | D:1      | Reached XP level 1. HP: 16/16 MP: 1/1
   212 | D:1      | Reached XP level 2. HP: 20/21 MP: 2/2
   721 | D:2      | Reached skill level 1 in Stealth
   721 | D:2      | Reached XP level 3. HP: 22/26 MP: 3/3
   940 | D:2      | Reached XP level 4. HP: 33/33 MP: 4/4
  1054 | D:2      | Reached ** piety under Trog
  1439 | D:3      | Reached XP level 5. HP: 37/37 MP: 5/5
  1441 | D:3      | Reached skill level 4 in Fighting
  1765 | D:3      | Found a white marble altar of Elyvilon.
  1793 | D:3      | HP: 2/55 [something/magic dart (5)]
  1800 | D:3      | HP: 2/55 [something (2)]
  1818 | D:3      | Slain by an orc wizard

Illustrated notes

Levels and vault maps discovered:
D:1:      amcnicky_arrival_single_pillar, layout_basic
D:2:      layout_basic, minmay_circled_x
D:3:      layout_loops_ring, elyvilon_altar_1, uniq_natasha

Skill      XL: |  1  2  3  4  5 |
---------------+----------------+-----
Stealth        | 1 2 3 |  3.0
Fighting       | 4 |  4.0
Short Blades   | |  3.7
Dodging        | |  3.8

Action                   |  1- 3 |  4- 6 || total
-------------------------+-------+-------++-------
Melee: Short sword       |    42 |    75 ||   117
       Constrict         |    12 |    12 ||    24
       Tentacles         |     7 |    14 ||    21
Invok: Berserk           |     1 |       ||     1
  Use: Scroll            |       |     8 ||     8
       Potion            |       |     1 ||     1
 Stab: Sleeping          |     4 |     7 ||    11
Armor: Skin              |     3 |    35 ||    38
Dodge: Dodged            |    32 |    30 ||    62

Table legend: (Time is in decaauts)
 A = Elapsed time spent in this place.
 B = Non-inter-level travel time spent in this place.
 C = Inter-level travel time spent in this place.
 D = Time resting spent in this place.
 E = Time spent auto-exploring this place.
 F = Levels seen in this place.
 G = Mean time per level.
                   A        B        C        D        E       F      G
               +--------+--------+--------+--------+--------+-----+--------+
         Total |   1820 |   1781 |     39 |      0 |   1443 |   3 |  606.7 |
       Dungeon |   1820 |   1781 |     39 |      0 |   1443 |   3 |  606.7 |
               +--------+--------+--------+--------+--------+-----+--------+

Top non-repeatable levels by time:
     D:2: 732 daAuts
     D:1: 682 daAuts
     D:3: 405 daAuts
